 Dungeon Crawl Stone Soup version 0.22.0-13-g43fe8f2 (webtiles) character file.

102 letownia2 the Insei (level 4, 0/34 HPs)
             Began as a Demonspawn Transmuter on Aug 16, 2018.
             Shot with an arrow by a centaur (10 damage)
             ... on level 5 of the Dungeon.
             The game lasted 00:06:19 (1054 turns).

letownia2 the Insei (Demonspawn Transmuter)         Turns: 1054, Time: 00:06:20

Health: 0/34       AC:  8    Str: 11    XL:     4   Next: 49%
Magic:  6/7        EV: 10    Int: 14    God:
Gold:   115        SH:  0    Dex: 14    Spells: 1/7 levels left

rFire    . . .     SeeInvis .     - Unarmed
rCold    + . .     Gourm    .   (no shield)
rNeg     + . .     Faith    .   i - +0 ring mail
rPois    .         Spirit   .   (helmet restricted)
rElec    .         Reflect  .   (no cloak)
rCorr    .         Harm     .   q - +0 pair of gloves
MR       .....                  (no boots)
Stlth    +.........             (no amulet)
HPRegen  0.11/turn              r - ring of protection from cold
MPRegen  0.10/turn              w - ring of positive energy

@: very slightly contaminated
A: horns 2, iridescent scales 1
a: no special abilities


You were on level 5 of the Dungeon.
You were hungry.

You visited 1 branch of the dungeon, and saw 5 of its levels.

You collected 115 gold pieces.

Inventory:

Hand Weapons
 o - a +0 hunting sling
Missiles
 a - 50 arrows
 m - 17 sling bullets
 p - 15 stones (quivered)
 v - 5 tomahawks
 x - 8 steel javelins
Armour
 b - a +0 robe
 i - a +0 ring mail (worn)
 q - a +0 pair of gloves (worn)
 t - a +0 leather armour
Jewellery
 r - a ring of protection from cold (left hand)
 w - a ring of positive energy (right hand)
Wands
 n - a wand of random effects (23)
Scrolls
 c - 8 scrolls of identify {unknown}
 f - 2 scrolls of remove curse {unknown}
 g - a scroll of amnesia {unknown}
 j - 4 scrolls of teleportation {unknown}
 k - 2 scrolls of fear {unknown}
 l - a scroll of magic mapping {unknown}
 s - a scroll of enchant weapon {unknown}
Potions
 e - a potion of brilliance {unknown}
 h - 2 potions of curing {unknown}
 u - a potion of haste
Comestibles
 d - 4 rations


   Skills:
 + Level 2.8 Fighting
 + Level 0.3 Armour
 - Level 1.7 Dodging
 + Level 4.0 Unarmed Combat
 - Level 2.0 Spellcasting
 - Level 1.7 Transmutations


You had one spell level left.
You knew the following spells:

 Your Spells              Type           Power        Failure   Level  Hunger
a - Beastly Appendage     Tmut           #.....       28%         1    ##.....
l - Sticks to Snakes      Tmut           #.......     38%         2    ###....
p - Spider Form           Tmut/Pois      #.........   77%         3    ####...

Your spell library contained the following spells:

 Spells                   Type           Power        Failure   Level  Hunger
 Blade Hands              Tmut           #.........   100%        5    ######.
 Ice Form                 Ice/Tmut       #.......     99%         4    #####..


Dungeon Overview and Level Annotations

Branches:
Dungeon (5/15)
 Temple: D:4-7

Altars:
Okawaru

Annotations:
D:2 Terence


Innate Abilities, Weirdness & Mutations

You have a pair of horns on your head.
You are partially covered in iridescent scales. (AC +2)


Message History

Found 2 gold pieces.
There is a stone staircase leading down here.
You climb downwards.
A worker ant and a centaur come into view.
The worker ant twitches its antennae in your direction.
The centaur shouts!
The centaur wields a glowing shortbow.
The centaur shoots an arrow.
The arrow hits you!
Found a scroll labeled IXKATE VASCHOAH.
Found a stone staircase leading down.
There is a stone staircase leading up here.
You see here an arrow.
Casting: Beastly Appendage (safe; 28% risk of failure)
Confirm with . or Enter, or press ? or * to list all spells.
You miscast Beastly Appendage.
You are very lightly contaminated with residual magic.
Nothing appears to happen.
The centaur shoots an arrow.
The arrow hits you!
The centaur shoots an arrow.
The arrow hits you.
* * * LOW HITPOINT WARNING * * *
The centaur shoots an arrow.
The arrow hits you!
You die...

..........
# ...#
#.......###
. ...
........#
#. #..
......#.#
?##.. .#.##
# ... #.#.#
#..@# #...#
#..ca
#...#.
#...#.#
#...# #
#.#># #.#.#


You could see a centaur and a worker ant.

Vanquished Creatures
  Robin (D:2)
  3 adders
  A dart slug (D:1)
  5 leopard geckos
  An orc (D:3)
  2 giant cockroaches
  12 goblins
  9 hobgoblins
  3 jackals
  6 kobolds
  A quokka (D:3)
  A ball python (D:1)
  2 bats
  3 frilled lizards
  A jackal skeleton (D:4)
  4 rats
55 creatures vanquished.

Notes
Turn   | Place    | Note
-------+----------+-------------------------------------------
     0 | D:1      | letownia2 the Demonspawn Transmuter began the quest for the Orb.
     0 | D:1      | Reached XP level 1. HP: 15/15 MP: 3/3
    64 | D:1      | Reached skill level 3 in Unarmed Combat
   121 | D:1      | Gained mutation: You have a pair of small horns on your head. [demonic ancestry]
   121 | D:1      | Reached XP level 2. HP: 18/21 MP: 3/5
   280 | D:1      | Gained mutation: You have a pair of horns on your head. [demonic ancestry]
   280 | D:1      | Reached XP level 3. HP: 27/27 MP: 4/6
   315 | D:2      | Noticed Robin
   378 | D:2      | Killed Robin
   393 | D:2      | Learned a level 2 spell: Sticks to Snakes
   398 | D:2      | Learned a level 3 spell: Spider Form
   475 | D:2      | Gained mutation: You are partially covered in iridescent scales. (AC +2) [demonic ancestry]
   475 | D:2      | Reached XP level 4. HP: 13/34 MP: 5/7
   573 | D:2      | Noticed Terence
   685 | D:3      | Reached skill level 4 in Unarmed Combat
   712 | D:3      | You fall through a shaft!
   896 | D:4      | Found an iron altar of Okawaru.
   944 | D:5      | Entered Level 5 of the Dungeon
  1052 | D:5      | Noticed a centaur
  1054 | D:5      | Shot with an arrow by a centaur

Skill      XL: |  1  2  3  4 |
---------------+-------------+-----
Unarmed Combat | 3 4 |  4.0
Fighting       | 2 |  2.8
Armour         | |  0.3
Dodging        | |  1.7
Spellcasting   | |  2.0
Transmutations | |  1.7

Action                   |  1- 3 |  4- 6 || total
-------------------------+-------+-------++-------
Melee: Unarmed           |   119 |    36 ||   155
       Headbutt          |    12 |     5 ||    17
       Kick              |    19 |     5 ||    24
 Cast: Beastly Appendage |    18 |    10 ||    28
  Eat: Chunk             |       |     1 ||     1
Armor: Robe              |     6 |       ||     6
       Ring mail         |    40 |    11 ||    51
Dodge: Dodged            |    77 |     5 ||    82
